 Dungeon Crawl Stone Soup version 0.20.1-1-g8b1a95d (webtiles) character file.

2541 equalderp2856 the Cleaver (level 9, -7/75 HPs)
             Began as a Minotaur Fighter on July 22, 2017.
             Mangled by a two-headed ogre
             ... wielding a +0 giant club
              (18 damage)
             ... on level 8 of the Dungeon.
             The game lasted 00:13:10 (8653 turns).

equalderp2856 the Cleaver (Minotaur Fighter)        Turns: 8653, Time: 00:13:10

Health: -7/75      AC:  8    Str: 22    XL:     9   Next: 30%
Magic:  12/12      EV: 11    Int:  5    God:
Gold:   373        SH:  0    Dex: 12    Spells: 14/14 levels left

rFire    . . .     SeeInvis .   W - -3 battleaxe (curse)
rCold    . . .     Gourm    .   (shield currently unavailable)
rNeg     . . .     Faith    .   b - +0 scale mail
rPois    .         Spirit   .   (helmet restricted)
rElec    .         Reflect  .   (no cloak)
rCorr    .         Harm     .   (no gloves)
MR       .....                  (no boots)
Stlth    ..........             (no amulet)
Regen    0.3/turn               (no ring)
MPRegen  0.2/turn               (no ring)

@: no status effects
A: retaliatory headbutt, horns 2
a: no special abilities


You were on level 8 of the Dungeon.
You were not hungry.

You visited 1 branch of the dungeon, and saw 8 of its levels.

You collected 373 gold pieces.

Inventory:

Hand Weapons
 a - a +0 war axe
 k - a +0 hunting sling
 y - a +2 antimagic halberd
 B - a +0 blowgun
 C - a +0 dagger of speed
 I - a +4 dire flail of protection
 K - a +0 falchion
 M - a cursed -2 scimitar
 N - a +4 dagger
 U - a +0 shortbow
 V - a +0 long sword
 W - a cursed -3 battleaxe (weapon)
Missiles
 m - 185 arrows
 o - 12 javelins (quivered)
 s - a throwing net
 w - 216 stones
 D - 19 poisoned needles
Armour
 b - a +0 scale mail (worn)
 c - a +0 shield
 t - a +2 helmet
 X - a +0 large shield
Jewellery
 R - an uncursed amulet of guardian spirit {unknown}
Wands
 H - a wand of acid (12/15)
 J - a wand of confusion (15/48)
Scrolls
 e - a scroll of magic mapping {unknown}
 h - 2 scrolls of immolation {unknown}
 i - 3 scrolls of enchant weapon {unknown}
 j - 8 scrolls of identify {unknown}
 q - 2 scrolls of remove curse {unknown}
 r - 4 scrolls of blinking {unknown}
 u - a scroll of amnesia {unknown}
 E - 2 scrolls of teleportation {unknown}
 G - 2 scrolls of recharging {unknown}
 O - a scroll of torment {unknown}
 P - a scroll of fog {unknown}
 Y - a scroll of noise {unknown}
Potions
 d - a potion of might
 g - 5 potions of curing {unknown}
 l - 2 potions of ambrosia {unknown}
 v - 2 potions of lignification {unknown}
 z - a potion of resistance {unknown}
 A - 2 potions of brilliance {unknown}
 F - a potion of invisibility {unknown}
 L - 2 potions of berserk rage {unknown}
 Q - a potion of flight {unknown}
 S - a potion of agility {unknown}
 T - a potion of degeneration {unknown}
Comestibles
 f - 5 bread rations
 n - 5 fruits
 p - 2 royal jellies
 x - 3 meat rations


   Skills:
 + Level 6.0 Fighting
 + Level 9.1 Axes
 + Level 7.9 Armour
 + Level 2.8 Dodging
 + Level 1.4 Stealth
 + Level 6.4 Shields
 * Level 3.2 Spellcasting


You had 14 spell levels left.
You didn't know any spells.

Dungeon Overview and Level Annotations

Branches:
Dungeon (8/15)             Temple (0/1) D:6
   Lair: D:8-11

Altars:

Annotations:
D:6 1 runed door


Innate Abilities, Weirdness & Mutations

You reflexively headbutt those who attack you in melee.
You have a pair of horns on your head.


Message History

The two-headed ogre is lightly wounded.
The two-headed ogre barely misses you. The two-headed ogre closely misses you.
You slash the two-headed ogre!
The two-headed ogre is moderately wounded.
The two-headed ogre barely misses you. The two-headed ogre closely misses you.
You closely miss the two-headed ogre. You headbutt the two-headed ogre.
The two-headed ogre is heavily wounded.
The two-headed ogre misses you.
The two-headed ogre hits you with a giant club!!
You barely miss the two-headed ogre.
The two-headed ogre is heavily wounded.
The two-headed ogre hits you with a giant club!!
The two-headed ogre hits you with a giant club.
* * * LOW HITPOINT WARNING * * *
Your scale mail prevents you from hitting the two-headed ogre.
The two-headed ogre is heavily wounded.
The two-headed ogre hits you with a giant club!
* * * LOW HITPOINT WARNING * * *
The two-headed ogre hits you with a giant club!!
You die...

### #.$
#.####
#.##<#
#.##.#
#O...##
#@....#
#..#..#
#.....#
##....#
######


You could see a two-headed ogre.

Vanquished Creatures
  The ghost of polve the Chiller, an amateur MfIE (D:4)
  Edmund (D:4)
  An ice beast (D:7)
  3 black bears
  2 orc warriors (D:7)
  An ogre (D:6)
  6 centaurs
  3 bullfrogs
  A water moccasin zombie (D:5)
  A scorpion (D:4)
  3 wights (D:6)
  3 howler monkeys (D:7)
  2 bullfrog zombies
  2 hounds
  An orc wizard (D:5)
  A bullfrog skeleton (D:7)
  A centaur skeleton (D:4)
  Jessica (D:3)
  2 iguanas (D:5)
  4 worker ants
  The ghost of nihilbene the Skirmisher, a weakling DsBe of Trog (D:3)
  A hound zombie (D:7)
  A worker ant zombie (D:6)
  4 gnolls
  8 adders
  2 oozes
  An adder skeleton (D:4)
  3 worms
  3 dart slugs (D:2)
  3 leopard geckos
  11 orcs
  7 giant cockroaches
  10 goblins
  8 hobgoblins
  10 jackals
  3 quokkas
  3 bats
  6 frilled lizards
  5 kobolds
  A leopard gecko zombie (D:5)
  9 rats
140 creatures vanquished.

Notes
Turn   | Place    | Note
-------+----------+-------------------------------------------
     0 | D:1      | equalderp2856 the Minotaur Fighter began the quest for the Orb.
     0 | D:1      | Reached XP level 1. HP: 19/19 MP: 0/0
   282 | D:1      | Reached XP level 2. HP: 27/27 MP: 1/1
   886 | D:1      | Reached skill level 3 in Axes
   947 | D:1      | Reached XP level 3. HP: 33/33 MP: 2/2
  1824 | D:2      | Reached XP level 4. HP: 39/40 MP: 3/3
  1979 | D:3      | Noticed a bullfrog
  1990 | D:3      | Killed a bullfrog
  1990 | D:3      | Reached XP level 5. HP: 16/47 MP: 3/5
  2465 | D:3      | Noticed nihilbene's ghost (weakling DsBe)
  2468 | D:3      | Noticed Jessica
  2475 | D:3      | Killed nihilbene's ghost
  2478 | D:3      | Killed Jessica
  2478 | D:3      | Reached skill level 4 in Axes
  2478 | D:3      | Reached skill level 1 in Dodging
  2478 | D:3      | Reached skill level 1 in Spellcasting
  2594 | D:3      | Reached skill level 5 in Armour
  3320 | D:4      | Noticed polve's ghost (amateur MfIE)
  3936 | D:4      | Noticed Edmund
  3952 | D:4      | Killed Edmund
  3952 | D:4      | Reached XP level 6. HP: 22/53 MP: 6/6
  4210 | D:4      | Killed polve's ghost
  4210 | D:4      | Reached skill level 5 in Axes
  4210 | D:4      | Reached XP level 7. HP: 31/60 MP: 8/8
  5149 | D:5      | Entered Level 5 of the Dungeon
  5304 | D:5      | Reached skill level 5 in Shields
  5308 | D:5      | Reached skill level 6 in Axes
  5308 | D:5      | Reached skill level 1 in Stealth
  6128 | D:6      | Found a runed door.
  6261 | D:6      | Reached skill level 5 in Fighting
  6261 | D:6      | Reached XP level 8. HP: 65/68 MP: 9/9
  6273 | D:6      | Reached skill level 7 in Axes
  6487 | D:6      | Found a staircase to the Ecumenical Temple.
  7132 | D:7      | Reached skill level 8 in Axes
  7247 | D:7      | Reached XP level 9. HP: 34/75 MP: 12/12
  8304 | D:7      | Reached skill level 9 in Axes
  8645 | D:8      | Noticed a two-headed ogre
  8653 | D:8      | Mangled by a two-headed ogre

Skill      XL: |  1  2  3  4  5  6  7  8  9 |
---------------+----------------------------+-----
Fighting       | 4 5 6 |  6.0
Axes           | 3 4 5 6 8 9 |  9.1
Armour         | 4 5 6 7 |  7.9
Shields        | 4 5 6 |  6.4
Dodging        | 1 2 |  2.8
Spellcasting   | 1 2 3 |  3.2
Stealth        | 1 |  1.4

Action                   |  1- 3 |  4- 6 |  7- 9 || total
-------------------------+-------+-------+-------++-------
Melee: War axe           |    79 |   123 |   149 ||   351
       Headbutt          |    15 |    14 |    47 ||    76
       Battleaxe         |       |       |    57 ||    57
  Eat: Chunk             |     2 |     6 |    15 ||    23
       Fruit             |       |     2 |       ||     2
Armor: Scale mail        |    34 |    39 |    88 ||   161
Dodge: Dodged            |    20 |    29 |   102 ||   151
Block: Shield            |    31 |    70 |    64 ||   165
       Large shield      |       |       |    47 ||    47
